 Dungeon Crawl Stone Soup version 0.19.4 (webtiles) character file.

7757 Kiturien the Cleaver (level 11, -6/104 HPs)
             Began as a Hill Orc Fighter on Feb 1, 2017.
             Was a Priest of Qazlal.
             Mangled by a soul eater (7 damage)
             ... summoned by an orc high priest
             ... on level 2 of the Orcish Mines.
             The game lasted 00:49:23 (10579 turns).

Kiturien the Cleaver (Hill Orc Fighter)            Turns: 10579, Time: 00:49:23

Health: -6/104     AC: 27    Str: 23    XL:     11   Next: 20%
Magic:  11/11      EV:  7    Int:  8    God:    Qazlal [***...]
Gold:   132        SH:  0    Dex: 10    Spells: 1 memorised, 7 levels left

rFire  + . .     SeeInvis .     a - +0 war axe
rCold  . . .     Gourm    .     i - +3 plate armour {rF+}
rNeg   . . .     Faith    .     c - +0 shield
rPois  +         Spirit   .     f - +0 helmet
rElec  .         Reflect  +     v - +2 cloak
rCorr  .         Harm     .     w - +0 pair of gloves
MR     .....                    x - +0 pair of boots
Stlth  ..........               z - +4 amulet of reflection
                                F - +4 ring of protection
                                y - ring of poison resistance

@: confused, drained
A: fangs 1, robust 1
a: Upheaval, Elemental Force, Renounce Religion, Convert to Beogh


You were on level 2 of the Orcish Mines.
You worshipped Qazlal.
Qazlal was most pleased with you.
You were not hungry.

You visited 3 branches of the dungeon, and saw 12 of its levels.
You also visited: Ossuary.

You collected 874 gold pieces.
You spent 742 gold pieces at shops.

Inventory:

Hand Weapons
 a - a +0 war axe (weapon)
 r - a +2 hand axe of flaming
 D - a +2 rapier of draining
 R - a +0 scimitar of flaming
Missiles
 J - a throwing net (quivered)
Armour
 b - a +2 buckler of cold resistance
 c - a +0 shield (worn)
 f - a +0 helmet (worn)
 i - a +3 plate armour of fire resistance (worn)
 m - a +3 chain mail of positive energy
 v - a +2 cloak (worn)
 w - a +0 pair of gloves (worn)
 x - a +0 pair of boots (worn)
Jewellery
 o - an uncursed ring of resist corrosion
 q - an uncursed ring of fire
 y - a ring of poison resistance (left hand)
 z - a +4 amulet of reflection (around neck)
 F - a +4 ring of protection (right hand)
Wands
 C - a wand of flame (48/48)
 E - a wand of acid (8/15)
 I - a wand of slowing (36/48)
 K - a wand of flame (1/48)
 M - a wand of acid (7/15)
Scrolls
 j - 3 scrolls of immolation
 k - a scroll of magic mapping
 P - a scroll of teleportation
 U - a scroll of remove curse
Potions
 d - 5 potions of might
 g - 4 potions of brilliance
 h - 2 potions of cancellation
 l - 2 potions of flight
 s - a potion of resistance
 u - 5 potions of agility
 A - a potion of invisibility
 B - a potion of cure mutation
 N - a potion of berserk rage
Books
 H - a book of Minor Magic

   Spells                             Type                      Level
   a - Magic Dart                     Conjuration                  1
   b - Blink                          Translocation                2
   c - Call Imp                       Summoning                    2
   d - Repel Missiles                 Charms/Air                   2
   e - Slow                           Hexes                        2
   f - Conjure Flame                  Conjuration/Fire             3
   g - Mephitic Cloud                 Conjuration/Poison/Air       3
 L - a book of Callings

   Spells                             Type                      Level
   a - Summon Small Mammal            Summoning                    1
   b - Call Imp                       Summoning                    2
   c - Call Canine Familiar           Summoning                    3
   d - Summon Guardian Golem          Hexes/Summoning              3
   e - Summon Lightning Spire         Summoning/Air                4
   f - Summon Ice Beast               Ice/Summoning                4
Comestibles
 n - 2 meat rations


   Skills:
 + Level 8.3(7.8) Fighting
 + Level 13.4(12.8) Axes
 + Level 7.5(7.0) Armour
 + Level 5.4(4.9) Dodging
 + Level 9.0(8.4) Shields


You had 7 spell levels left.
You knew the following spells:

 Your Spells              Type           Power        Failure   Level  Hunger
a - Conjure Flame         Conj/Fire      #.......     100%        3    ####...


Dungeon Overview and Level Annotations

Branches:
Dungeon (9/15)             Temple (1/1) D:6             Orc (2/2) D:9
   Lair: D:8-11         Elf: Orc:2

Altars:
Cheibriados
Elyvilon
Fedhas
Gozag
Hepliaklqana
Kikubaaqudgha
Makhleb
Nemelex Xobeh
Okawaru
Qazlal
Ru
Sif Muna
Trog
Uskayaw
Vehumet
Xom
Yredelemnul
Zin
The Shining One

Shops:
D:8 [


Innate Abilities, Weirdness & Mutations

You have very sharp teeth.
You are robust. (+10% HP)


Message History

You feel drained. The orc barely misses you.
The orc priest threatens, "By the altar or by the axe, you will meet Beogh!"
Unknown command.
You hit the orc high priest but do no damage.
The orc priest shouts, "Surrender to Beogh and we'll let you live!"
Your bite misses the orc high priest.
The orc high priest is severely wounded.
You miss the orc priest. You hit the soul eater. You slash the orc!
You kill the orc!
Qazlal accepts your kill.
You closely miss the ice devil. You closely miss the rust devil.
You hear a howl!
The orc priest hits you with a flail!
* * * LOW HITPOINT WARNING * * *
The ice devil hits you but does no damage.
The orc priest invokes the aid of Beogh against you.
You struggle to resist.
The orc high priest prays to Beogh.
The orc high priest is healed somewhat.
The soul eater hits you!
You die...

##.## ##...# # ###
##....## ..#...
#......### .#....
###...$....####......
.##.....)....##.#......
......)[[.....#.o......
.......###)..ยง#).....#
....... #....4@3....##
. ....... ##...4oo..###
.. .....#.
#...........# #...
.....#.
#...........#..... ..##
#. ##..###....)......
#. ## #### ###.<.......
#.#)[.....# ###......##
#.#...##


You could see a soul eater, an orc high priest, an ice devil, a rust devil and 2
orc priests.

Vanquished Creatures
  Erica (D:9)
  The ghost of Siegfriedson the Infuser, a novice DECj of Vehumet (D:8)
  An orc sorcerer (Orc:2)
  Joseph (D:9)
  Psyche (D:9)
  A troll (Orc:2)
  A hippogriff (D:8)
  A hungry ghost (D:9)
  5 wargs
  A water moccasin (D:9)
  9 orc warriors
  A hornet zombie (D:5)
  2 ice beasts (D:8)
  2 black bears (D:6)
  2 phantoms
  2 sky beasts (D:8)
  A centaur (D:9)
  5 ogres
  An elf zombie (D:6)
  4 bullfrogs
  4 water moccasin zombies (Ossuary)
  4 scorpions
  4 howler monkeys
  2 crimson imps
  A quasit (D:7)
  4 hounds
  2 jellies
  12 orc priests
  11 orc wizards
  A human skeleton (D:6)
  Crazy Yiuf (D:3)
  2 iguanas
  2 worker ants
  3 big kobold zombies (Ossuary)
  2 mummies (Ossuary)
  A worker ant zombie (D:6)
  7 adders
  A shadow imp (D:8)
  7 adder zombies
  An adder skeleton (D:7)
  3 worms (D:2)
  A dart slug (D:2)
  4 leopard geckos
  53 orcs
  7 bats
  4 giant cockroaches
  4 goblins (D:1)
  7 hobgoblins
  9 jackals
  8 kobolds
  2 quokkas
  A ball python (D:3)
  4 frilled lizards
  5 hobgoblin zombies (Ossuary)
  A kobold zombie (Ossuary)
  3 orc skeletons (D:6)
  7 orc zombies
  A quokka zombie (D:6)
  13 rats
  12 fungi (D:9)
264 creatures vanquished.

Vanquished Creatures (others)
  A fungus (D:9)
1 creature vanquished.

Grand Total: 265 creatures vanquished

Notes
Turn   | Place    | Note
-------+----------+-------------------------------------------
     0 | D:1      | Kiturien the Hill Orc Fighter began the quest for the Orb.
     0 | D:1      | Reached XP level 1. HP: 19/19 MP: 1/1
   289 | D:1      | Reached XP level 2. HP: 18/27 MP: 2/2
   540 | D:1      | Reached skill level 3 in Axes
   880 | D:2      | Reached XP level 3. HP: 33/33 MP: 3/3
  1071 | D:2      | Reached skill level 4 in Axes
  1242 | D:2      | Reached XP level 4. HP: 34/40 MP: 4/4
  2052 | D:3      | Found a runed door.
  2056 | D:3      | Noticed Crazy Yiuf
  2066 | D:3      | Killed Crazy Yiuf
  2066 | D:3      | Reached skill level 5 in Axes
  2500 | D:4      | Reached XP level 5. HP: 47/47 MP: 5/5
  2551 | D:4      | Reached skill level 1 in Dodging
  2643 | D:4      | Found a sacrificial altar of Ru.
  2917 | D:5      | Entered Level 5 of the Dungeon
  3022 | D:5      | Reached XP level 6. HP: 53/53 MP: 6/6
  3111 | D:5      | Reached skill level 6 in Axes
  3626 | D:5      | Reached XP level 7. HP: 56/60 MP: 7/7
  3950 | D:6      | Reached skill level 5 in Fighting
  3950 | D:6      | Reached skill level 7 in Axes
  3959 | D:6      | Found a blossoming altar of Fedhas.
  3959 | D:6      | Found a hide-covered altar of Uskayaw.
  3960 | D:6      | Found a glowing golden altar of the Shining One.
  3961 | D:6      | Found a shimmering altar of Xom.
  3962 | D:6      | Found a glowing silver altar of Zin.
  3991 | D:6      | Found a sand-covered staircase.
  3996 | Ossuary  | Entered an ossuary
  4132 | Ossuary  | Reached XP level 8. HP: 55/69 MP: 8/8
  4288 | Ossuary  | Reached skill level 8 in Axes
  4416 | Ossuary  | Gained mutation: Armour fits poorly on your strangely shaped body. [potion of mutation]
  4416 | Ossuary  | Gained mutation: You are partially covered in iridescent scales. (AC +2) [potion of mutation]
  4416 | Ossuary  | Gained mutation: Your system is resistant to poisons. (rPois) [potion of mutation]
  4417 | Ossuary  | Gained mutation: You have very sharp teeth. [potion of mutation]
  4417 | Ossuary  | Gained mutation: You possess an exceptional clarity of mind. [potion of mutation]
  4417 | Ossuary  | Gained mutation: You have a pair of small horns on your head. [potion of mutation]
  4418 | Ossuary  | Lost mutation: Your system is resistant to poisons. (rPois) [potion of cure mutation]
  4418 | Ossuary  | Lost mutation: You possess an exceptional clarity of mind. [potion of cure mutation]
  4418 | Ossuary  | Lost mutation: You are partially covered in iridescent scales. (AC +2) [potion of cure mutation]
  4418 | Ossuary  | Lost mutation: You have a pair of small horns on your head. [potion of cure mutation]
  4418 | Ossuary  | Lost mutation: Armour fits poorly on your strangely shaped body. [potion of cure mutation]
  4801 | D:6      | Found a staircase to the Ecumenical Temple.
  4816 | Temple   | Entered the Ecumenical Temple
  4957 | Temple   | Became a worshipper of Qazlal Stormbringer
  5313 | D:6      | Reached skill level 5 in Armour
  5339 | D:6      | Reached skill level 9 in Axes
  6045 | D:6      | Reached skill level 5 in Shields
  6213 | D:6      | Reached XP level 9. HP: 55/75 MP: 9/9
  6931 | D:7      | Learned a level 3 spell: Conjure Flame
  7037 | D:8      | Reached * piety under Qazlal
  7037 | D:8      | Reached skill level 10 in Axes
  7104 | D:8      | Found a faded altar of an unknown god.
  7104 | D:8      | Found a white marble altar of Elyvilon.
  7128 | D:8      | Found a faded altar of an unknown god.
  7130 | D:8      | Found a faded altar of an unknown god.
  7137 | D:8      | Found a faded altar of an unknown god.
  7319 | D:8      | Noticed Siegfriedson's ghost (novice DECj)
  7355 | D:8      | Killed Siegfriedson's ghost
  7355 | D:8      | Reached skill level 11 in Axes
  7355 | D:8      | Reached skill level 5 in Dodging
  7384 | D:8      | Reached XP level 10. HP: 76/86 MP: 10/10
  7709 | D:8      | Found a radiant altar of Vehumet.
  7709 | D:8      | Found a burning altar of Makhleb.
  7854 | D:8      | Found Emniklos's Armour Shop.
  7958 | D:8      | Bought a +0 pair of boots for 67 gold pieces
  8221 | D:9      | Noticed Erica
  8358 | D:9      | Killed Erica
  8640 | D:9      | Reached skill level 12 in Axes
  8687 | D:9      | Reached ** piety under Qazlal
  8698 | D:9      | Found a staircase to the Orcish Mines.
  8909 | D:9      | Noticed Psyche
  8932 | D:9      | Killed Psyche
  9081 | D:9      | Noticed Joseph
  9097 | D:9      | Killed Joseph
  9721 | D:9      | Found a burning altar of Makhleb.
  9721 | D:9      | Noticed a balrug
  9724 | D:9      | Noticed an orange demon
 10006 | D:9      | Identified a scroll of acquirement
 10050 | D:9      | Gained mutation: You are robust. (+10% HP) [potion of beneficial mutation]
 10085 | Orc:1    | Entered Level 1 of the Orcish Mines
 10098 | Orc:1    | Reached skill level 13 in Axes
 10098 | Orc:1    | Reached XP level 11. HP: 93/103 MP: 11/11
 10305 | D:8      | Bought a +3 plate armour of fire resistance for 675 gold pieces
 10413 | Orc:2    | Entered Level 2 of the Orcish Mines
 10451 | Orc:2    | Noticed an orc sorcerer
 10473 | Orc:2    | Killed an orc sorcerer
 10474 | Orc:2    | Reached *** piety under Qazlal
 10554 | Orc:2    | Noticed an orc high priest
 10572 | Orc:2    | Noticed a soul eater
 10576 | Orc:2    | HP: 4/104 [orc priest/divine providence (12)]
 10579 | Orc:2    | HP: 1/104 [orc priest/flail (7)]
 10579 | Orc:2    | Mangled by a soul eater

Skill      XL: |  1  2  3  4  5  6  7  8  9 10 11 |
---------------+----------------------------------+-----
Axes           | 3 4 5 6 7 9 11 13 | 13.4
Fighting       | 4 5 6 7 8 |  8.3
Dodging        | 1 2 4 5 |  5.4
Armour         | 4 5 6 7 |  7.5
Shields        | 4 5 6 8 9 |  9.0

Action                   |  1- 3 |  4- 6 |  7- 9 | 10-12 || total
-------------------------+-------+-------+-------+-------++-------
Melee: War axe           |    88 |   166 |   477 |   358 ||  1089
       Bite              |       |       |    34 |    34 ||    68
Evoke: Wand              |       |       |       |     3 ||     3
  Use: Scroll            |     2 |     5 |     8 |    11 ||    26
       Potion            |       |       |     6 |     3 ||     9
  Eat: Bread ration      |     1 |       |     4 |     2 ||     7
       Beef jerky        |       |     2 |       |     1 ||     3
       Pizza             |       |       |       |     1 ||     1
Armor: Scale mail        |    36 |     1 |       |       ||    37
       Chain mail        |       |    68 |   216 |    75 ||   359
       Skin              |       |       |     1 |       ||     1
       Plate armour      |       |       |       |    22 ||    22
Dodge: Dodged            |    22 |    44 |   124 |    44 ||   234
Block: Shield            |    42 |    76 |   309 |   241 ||   668
       Reflection        |       |       |     2 |     3 ||     5
